[ PARTIDA AOE2 · #495287691 ]
UnrankedBirmanos vs Sicilians
Equipo del jugador · DERR
Equipo rival · VICT
[ ANÁLISIS DE REPETICIÓN · EXTRAÍDO DE LA PARTIDA GRABADA ]
Feudal
9:18
Castillos
22:00
Imperial
—
| APM promedio | 68.7 |
| APM pico | 128 |
| eAPM promedio | 28.3 |
| Aldeanos / militares | 105 / 53 |
Foco
⚔️ 40.6% · 🌾 59.4%
Skirmisher ×40 · Militia ×5 · Petard ×3 · Mangonel ×2 · Monk ×1 · Spearman ×1
Feudal
8:28
Castillos
22:24
Imperial
—
| APM promedio | 46.8 |
| APM pico | 89 |
| eAPM promedio | 25.0 |
| Aldeanos / militares | 118 / 88 |
Foco
⚔️ 47.4% · 🌾 52.6%
Archer ×65 · Petard ×9 · Mangonel ×6 · Serjeant ×6 · Spearman ×2
Mapa de la partida
Recursos iniciales + cada clic de construcción. Líneas = muros · curvas = relieve. ◆ oro · ⬟ piedra · ● bayas · ✦ reliquia · ◌ hueco del cierre
Tu base· Abierta — hueco de 4t
Base de chanchanvn· Abierta — hueco de 7t
Terreno inicial suavizado · ◌ = hueco del cierre detectado · pasá el cursor para detalles
Inputs por minuto
— maki - - chanchanvn
Build order — maki
Primeras 150 de 264 acciones detectadas
| 0:01 | Crear | Villager (Male) |
| 0:01 | Crear | Villager (Male) |
| 0:02 | Construir | House |
| 0:05 | Construir | House |
| 0:27 | Crear | Villager (Male) |
| 0:50 | Crear | Villager (Male) |
| 0:50 | Crear | Villager (Male) |
| 1:33 | Crear | Villager (Male) |
| 1:33 | Crear | Villager (Male) |
| 2:03 | Crear | Villager (Male) |
| 2:12 | Construir | Lumber Camp |
| 2:25 | Crear | Villager (Male) |
| 2:43 | Crear | Villager (Male) |
| 2:44 | Crear | Villager (Male) |
| 3:16 | Crear | Villager (Male) |
| 3:30 | Crear | Villager (Male) |
| 4:01 | Crear | Villager (Male) |
| 4:09 | Construir | House |
| 4:16 | Crear | Villager (Male) |
| 4:16 | Crear | Villager (Male) |
| 4:32 | Construir | Mill |
| 5:20 | Crear | Villager (Male) |
| 5:42 | Crear | Villager (Male) |
| 6:13 | Construir | Barracks |
| 6:15 | Crear | Villager (Male) |
| 6:21 | Crear | Villager (Male) |
| 6:23 | Investigar | Loom |
| 7:08 | Investigar | Feudal Age |
| 7:08 | Investigar | Feudal Age |
| 7:25 | Construir | Mining Camp |
| 7:31 | Crear | Militia |
| 7:31 | Crear | Militia |
| 7:40 | Construir | House |
| 8:07 | Construir | House |
| 8:18 | Crear | Militia |
| 8:23 | Construir | Palisade Wall |
| 8:25 | Construir | Palisade Wall |
| 8:28 | Construir | Palisade Wall |
| 8:43 | Crear | Militia |
| 9:02 | Construir | Palisade Wall |
| 9:07 | Construir | House |
| 9:11 | Construir | Palisade Wall |
| 9:16 | Crear | Villager (Male) |
| 9:18 | Crear | Militia |
| 9:18 | Edad | Edad Feudal |
| 9:43 | Crear | Villager (Male) |
| 9:47 | Investigar | Horse Collar |
| 9:47 | Investigar | Horse Collar |
| 9:48 | Construir | Farm |
| 10:01 | Crear | Villager (Male) |
| 10:06 | Investigar | Man-at-Arms (upgrade) |
| 10:06 | Investigar | Man-at-Arms (upgrade) |
| 10:24 | Construir | Farm |
| 10:34 | Crear | Villager (Male) |
| 10:36 | Construir | Farm |
| 10:39 | Crear | Spearman |
| 10:57 | Crear | Villager (Male) |
| 11:12 | Construir | Archery Range |
| 11:15 | Crear | Villager (Male) |
| 11:22 | Construir | Farm |
| 11:40 | Crear | Villager (Male) |
| 11:43 | Construir | Farm |
| 12:04 | Construir | Blacksmith |
| 12:10 | Crear | Skirmisher |
| 12:10 | Crear | Skirmisher |
| 12:14 | Construir | House |
| 12:23 | Crear | Villager (Male) |
| 12:26 | Construir | Farm |
| 12:35 | Crear | Skirmisher |
| 12:36 | Crear | Skirmisher |
| 12:36 | Crear | Villager (Male) |
| 12:36 | Crear | Villager (Male) |
| 12:53 | Crear | Skirmisher |
| 13:01 | Crear | Skirmisher |
| 13:17 | Crear | Villager (Male) |
| 13:21 | Construir | Farm |
| 13:45 | Crear | Skirmisher |
| 13:47 | Crear | Villager (Male) |
| 13:49 | Construir | Farm |
| 13:58 | Crear | Skirmisher |
| 14:07 | Construir | Farm |
| 14:15 | Crear | Skirmisher |
| 14:18 | Construir | Farm |
| 14:20 | Crear | Villager (Male) |
| 14:20 | Crear | Villager (Male) |
| 14:23 | Construir | House |
| 14:43 | Crear | Villager (Male) |
| 14:51 | Construir | Farm |
| 14:54 | Investigar | Fletching |
| 14:54 | Investigar | Fletching |
| 14:59 | Construir | Farm |
| 15:00 | Construir | Farm |
| 15:08 | Construir | House |
| 15:25 | Construir | House |
| 15:30 | Construir | Palisade Wall |
| 15:34 | Construir | Palisade Wall |
| 15:42 | Crear | Villager (Male) |
| 15:42 | Crear | Villager (Male) |
| 16:04 | Crear | Skirmisher |
| 16:09 | Construir | Farm |
| 16:11 | Construir | Farm |
| 16:15 | Construir | Palisade Wall |
| 16:24 | Crear | Villager (Male) |
| 16:34 | Crear | Skirmisher |
| 16:34 | Crear | Skirmisher |
| 16:45 | Crear | Villager (Male) |
| 16:47 | Crear | Skirmisher |
| 17:02 | Construir | Palisade Wall |
| 17:05 | Investigar | Wheelbarrow |
| 17:08 | Crear | Skirmisher |
| 17:27 | Crear | Villager (Male) |
| 17:39 | Crear | Villager (Male) |
| 17:55 | Construir | Palisade Wall |
| 18:03 | Construir | Farm |
| 18:07 | Crear | Skirmisher |
| 18:18 | Construir | Lumber Camp |
| 18:36 | Crear | Villager (Male) |
| 18:42 | Construir | House |
| 19:20 | Investigar | Castle Age |
| 19:20 | Investigar | Castle Age |
| 19:29 | Construir | Palisade Wall |
| 19:33 | Construir | House |
| 19:44 | Investigar | Padded Archer Armor |
| 19:44 | Investigar | Padded Archer Armor |
| 20:50 | Crear | Skirmisher |
| 20:50 | Crear | Skirmisher |
| 20:51 | Crear | Skirmisher |
| 21:02 | Crear | Skirmisher |
| 21:02 | Crear | Skirmisher |
| 21:14 | Crear | Skirmisher |
| 21:36 | Crear | Skirmisher |
| 21:37 | Crear | Skirmisher |
| 22:00 | Edad | Edad de los Castillos |
| 22:07 | Construir | Town Center |
| 22:13 | Investigar | Elite Skirmisher (upgrade) |
| 22:13 | Investigar | Bodkin Arrow |
| 22:13 | Investigar | Bodkin Arrow |
| 22:23 | Construir | Town Center |
| 22:28 | Crear | Villager (Male) |
| 22:33 | Construir | Lumber Camp |
| 22:36 | Construir | House |
| 22:47 | Construir | University |
| 22:52 | Construir | University |
| 23:11 | Crear | Skirmisher |
| 23:16 | Crear | Skirmisher |
| 23:16 | Crear | Villager (Male) |
| 23:17 | Crear | Villager (Male) |
| 23:20 | Crear | Villager (Male) |
| 23:32 | Crear | Villager (Male) |
| 23:33 | Crear | Villager (Male) |
Build order — chanchanvn
Primeras 150 de 327 acciones detectadas
| 0:00 | Crear | Villager (Male) |
| 0:01 | Crear | Villager (Male) |
| 0:02 | Construir | House |
| 0:04 | Construir | House |
| 0:20 | Crear | Villager (Male) |
| 0:21 | Crear | Villager (Male) |
| 1:24 | Crear | Villager (Male) |
| 1:50 | Construir | Lumber Camp |
| 2:07 | Crear | Villager (Male) |
| 2:24 | Crear | Villager (Male) |
| 2:54 | Crear | Villager (Male) |
| 2:54 | Crear | Villager (Male) |
| 3:17 | Crear | Villager (Male) |
| 3:31 | Crear | Villager (Male) |
| 3:32 | Crear | Villager (Male) |
| 3:51 | Construir | House |
| 4:01 | Crear | Villager (Male) |
| 4:01 | Crear | Villager (Male) |
| 4:14 | Crear | Villager (Male) |
| 4:15 | Crear | Villager (Male) |
| 4:52 | Crear | Villager (Male) |
| 4:52 | Crear | Villager (Male) |
| 4:52 | Crear | Villager (Male) |
| 5:08 | Construir | Mining Camp |
| 5:18 | Investigar | Loom |
| 6:13 | Investigar | Feudal Age |
| 6:13 | Investigar | Feudal Age |
| 6:28 | Construir | House |
| 7:18 | Construir | Barracks |
| 7:27 | Construir | Palisade Wall |
| 7:46 | Crear | Villager (Male) |
| 8:21 | Construir | Palisade Wall |
| 8:28 | Edad | Edad Feudal |
| 8:28 | Crear | Villager (Male) |
| 8:32 | Construir | Archery Range |
| 8:51 | Crear | Villager (Male) |
| 9:04 | Investigar | Double-Bit Axe |
| 9:04 | Investigar | Double-Bit Axe |
| 9:16 | Construir | House |
| 9:16 | Crear | Archer |
| 9:37 | Crear | Archer |
| 9:39 | Construir | Palisade Wall |
| 9:48 | Crear | Archer |
| 9:50 | Crear | Spearman |
| 9:50 | Crear | Spearman |
| 9:59 | Crear | Villager (Male) |
| 9:59 | Crear | Villager (Male) |
| 10:00 | Crear | Villager (Male) |
| 10:12 | Construir | Palisade Wall |
| 10:14 | Crear | Archer |
| 10:37 | Crear | Villager (Male) |
| 10:37 | Crear | Villager (Male) |
| 10:40 | Crear | Archer |
| 10:46 | Crear | Archer |
| 10:49 | Crear | Archer |
| 11:01 | Crear | Villager (Male) |
| 11:02 | Crear | Villager (Male) |
| 11:02 | Crear | Villager (Male) |
| 11:04 | Construir | Mill |
| 11:08 | Construir | House |
| 11:20 | Construir | Palisade Wall |
| 11:26 | Crear | Archer |
| 11:30 | Construir | Palisade Wall |
| 11:48 | Crear | Villager (Male) |
| 11:50 | Construir | Farm |
| 11:52 | Construir | Farm |
| 12:06 | Crear | Archer |
| 12:16 | Crear | Archer |
| 12:17 | Crear | Villager (Male) |
| 12:20 | Crear | Archer |
| 12:32 | Crear | Villager (Male) |
| 12:36 | Crear | Archer |
| 13:04 | Crear | Villager (Male) |
| 13:09 | Construir | Blacksmith |
| 13:15 | Crear | Villager (Male) |
| 13:17 | Construir | Farm |
| 13:18 | Crear | Archer |
| 13:43 | Crear | Villager (Male) |
| 13:45 | Construir | House |
| 13:50 | Construir | Farm |
| 14:00 | Crear | Villager (Male) |
| 14:02 | Crear | Archer |
| 14:10 | Crear | Villager (Male) |
| 14:12 | Construir | House |
| 14:45 | Investigar | Fletching |
| 14:51 | Construir | House |
| 14:54 | Construir | Farm |
| 14:55 | Construir | Farm |
| 15:06 | Crear | Archer |
| 15:07 | Crear | Villager (Male) |
| 15:09 | Construir | Palisade Wall |
| 15:21 | Crear | Villager (Male) |
| 15:23 | Construir | Farm |
| 15:25 | Crear | Archer |
| 15:37 | Crear | Archer |
| 15:40 | Crear | Villager (Male) |
| 15:42 | Construir | Farm |
| 15:55 | Construir | House |
| 16:07 | Crear | Archer |
| 16:08 | Crear | Villager (Male) |
| 16:19 | Construir | House |
| 16:36 | Crear | Villager (Male) |
| 16:37 | Crear | Villager (Male) |
| 16:39 | Construir | Farm |
| 16:45 | Crear | Villager (Male) |
| 16:46 | Crear | Archer |
| 16:56 | Construir | Farm |
| 17:04 | Construir | House |
| 17:06 | Crear | Villager (Male) |
| 17:07 | Crear | Archer |
| 17:40 | Construir | Donjon |
| 17:48 | Crear | Villager (Male) |
| 17:57 | Crear | Villager (Male) |
| 18:00 | Construir | Lumber Camp |
| 18:10 | Crear | Villager (Male) |
| 18:11 | Crear | Archer |
| 18:37 | Crear | Archer |
| 18:38 | Crear | Villager (Male) |
| 18:40 | Construir | Farm |
| 18:49 | Crear | Villager (Male) |
| 18:52 | Construir | Farm |
| 19:21 | Crear | Villager (Male) |
| 19:22 | Construir | Farm |
| 19:24 | Construir | Farm |
| 19:31 | Construir | House |
| 19:32 | Construir | Palisade Wall |
| 19:35 | Construir | Palisade Wall |
| 19:44 | Investigar | Castle Age |
| 19:44 | Investigar | Castle Age |
| 19:45 | Crear | Archer |
| 19:45 | Crear | Archer |
| 20:08 | Crear | Archer |
| 20:35 | Crear | Serjeant |
| 20:36 | Crear | Serjeant |
| 20:36 | Crear | Serjeant |
| 20:37 | Crear | Villager (Male) |
| 20:38 | Construir | Farm |
| 20:38 | Construir | Farm |
| 20:40 | Construir | Farm |
| 20:54 | Crear | Archer |
| 21:09 | Construir | Archery Range |
| 21:21 | Construir | House |
| 21:26 | Crear | Archer |
| 21:27 | Crear | Archer |
| 21:27 | Crear | Archer |
| 21:41 | Investigar | Horse Collar |
| 21:41 | Investigar | Horse Collar |
| 21:54 | Crear | Archer |
| 21:54 | Crear | Archer |
| 22:08 | Crear | Archer |
Cronología de la partida
| 6:13 | maki · first_building Barracks |
| 7:18 | chanchanvn · first_building Barracks |
| 7:27 | chanchanvn · wall_segment Palisade Wall x13 |
| 8:21 | chanchanvn · wall_segment Palisade Wall x16 |
| 8:23 | maki · wall_segment Palisade Wall x1 |
| 8:25 | maki · wall_segment Palisade Wall x1 |
| 8:28 | chanchanvn · age_up feudal |
| 8:28 | maki · wall_segment Palisade Wall x1 |
| 8:32 | chanchanvn · first_building Archery Range |
| 9:02 | maki · wall_segment Palisade Wall x1 |
| 9:11 | maki · wall_segment Palisade Wall x1 |
| 9:18 | maki · age_up feudal |
| 9:39 | chanchanvn · wall_segment Palisade Wall x6 |
| 10:12 | chanchanvn · wall_segment Palisade Wall x7 |
| 11:12 | maki · first_building Archery Range |
| 11:20 | chanchanvn · wall_segment Palisade Wall x2 |
| 11:30 | chanchanvn · wall_segment Palisade Wall x1 |
| 15:09 | chanchanvn · wall_segment Palisade Wall x3 |
| 15:30 | maki · wall_segment Palisade Wall x3 |
| 15:34 | maki · wall_segment Palisade Wall x9 |
| 16:15 | maki · wall_segment Palisade Wall x8 |
| 17:02 | maki · wall_segment Palisade Wall x6 |
| 17:40 | chanchanvn · first_building Donjon |
| 17:55 | maki · wall_segment Palisade Wall x6 |
| 19:29 | maki · wall_segment Palisade Wall x11 |
| 19:32 | chanchanvn · wall_segment Palisade Wall x1 |
| 19:35 | chanchanvn · wall_segment Palisade Wall x3 |
| 22:00 | maki · age_up castle |
| 22:24 | chanchanvn · age_up castle |
| 23:47 | chanchanvn · first_building Siege Workshop |
| 25:09 | maki · first_market_buy 100 food |
| 27:57 | maki · first_building Monastery |
| 29:22 | maki · wall_segment Palisade Wall x1 |
| 29:23 | maki · wall_segment Palisade Wall x1 |
| 30:47 | maki · first_building Siege Workshop |
| 31:28 | chanchanvn · first_building Castle |
| 31:39 | maki · first_building Castle |
| 32:56 | maki · first_market_sell 500 wood |
| 34:23 | chanchanvn · first_building Monastery |
| 35:11 | maki · resign |
[ ANÁLISIS IA · 1 CRÉDITO ]
¿Qué pasó realmente en esta partida?
Wolo.gg analiza cada decisión: build order, eco, micro, errores típicos por bracket. Análisis personalizado por WhatsApp o Discord en 30 segundos.
Guía civ
Birmanos
Perfil
maki